 Dungeon Crawl Stone Soup version 0.30-a0-390-g80c34de65d (webtiles) character file.

Game seed: 10104489984330510327

30349 Bnni the Impaler (level 13, -1/111 HPs)
             Began as a Formicid Fighter on Dec 4, 2022.
             Was an Initiate of Yredelemnul.
             Slain by a small abomination (13 damage)
             ... in a Gauntlet.
             The game lasted 00:33:31 (15597 turns).

Bnni the Impaler (Formicid Fighter)                Turns: 15597, Time: 00:33:32

Health: -1/111     AC: 20    Str: 24    XL:     13   Next: 88%
Magic:  21/21      EV:  7    Int: 10    God:    Yredelemnul [......]
Gold:   1365       SH:  0    Dex: 13    Spells: 12/12 levels left

rFire   + . .      SeeInvis +    w - +1 halberd (freeze)
rCold   . . .      Faith    +    c - +0 buckler
rNeg    . . .      Spirit   .    x - +1 chain mail {rPois}
rPois   +          Reflect  .    (helmet unavailable)
rElec   .          Harm     .    M - +1 cloak
rCorr   .          Rampage  .    l - +2 pair of gloves
Will    +....                    k - +0 pair of boots
Stlth   ..........               Q - amulet of faith
HPRegen 0.38/turn                B - ring of protection from fire
MPRegen 0.17/turn                G - +4 ring of protection

@: confused, ambrosia-drunk
A: permanent stasis, dig shafts and tunnels, antennae 3, four strong arms
a: Dig, Renounce Religion, Recall Undead Harvest


You were in a Gauntlet.
You worshipped Yredelemnul.
Yredelemnul was aware of your devotion.
You visited 3 branches of the dungeon, and saw 16 of its levels.
You also visited: Sewer and Gauntlet.

You collected 1365 gold pieces.

Inventory:

Hand Weapons
 a - a +0 trident
 w - a +1 halberd of freezing (weapon)
 H - a +0 glaive
Missiles
 v - 27 poisoned darts (quivered)
 y - 14 javelins
 J - 8 boomerangs
 L - 5 curare-tipped darts
 P - 4 silver boomerangs
 T - 2 throwing nets
Armour
 c - a +0 buckler (worn)
 k - a +0 pair of boots (worn)
 l - a +2 pair of gloves (worn)
 x - a +1 chain mail of poison resistance (worn)
 M - a +1 cloak (worn)
Jewellery
 B - a ring of protection from fire (left hand)
 E - a ring of protection from fire
 G - a +4 ring of protection (right hand)
 Q - an amulet of faith (around neck)
 S - a ring of protection from cold
Wands
 o - a wand of flame (49)
 t - a wand of iceblast (7)
 z - a wand of mindburst (22)
 A - a wand of charming (27)
 I - a wand of digging (11)
 O - a wand of light (6)
Scrolls
 b - a scroll of immolation {unknown}
 f - 3 scrolls of poison
 h - 3 scrolls of fear
 i - 5 scrolls of teleportation {unknown}
 j - 4 scrolls of enchant weapon
 m - 5 scrolls of vulnerability
 q - a scroll of butterflies
 u - a scroll of enchant armour
 C - 3 scrolls of silence
 D - 2 scrolls of magic mapping
 K - a scroll of summoning {unknown}
Potions
 d - a potion of mutation {unknown}
 e - 14 potions of curing {unknown}
 g - 2 potions of brilliance
 p - a potion of flight
 s - 2 potions of cancellation {unknown}
 F - a potion of ambrosia
 N - 3 potions of attraction
 R - a potion of invisibility {unknown}
Miscellaneous
 n - a phantom mirror
 r - a phial of floods


   Skills:
 + Level 13.3 Fighting
 * Level 16.5 Polearms
 - Level 3.2 Armour
 - Level 5.0 Shields
 + Level 11.8 Invocations


You had 12 spell levels left.
You didn't know any spells.
Your spell library contained the following spells:

 Spells                   Type           Power      Damage    Failure   Level
 Apportation              Tloc           0%         N/A       98%         1
 Necrotise                Necr           0%         1d4       98%         1
 Summon Small Mammal      Summ           0%         N/A       98%         1
 Sublimation of Blood     Necr           0%         N/A       99%         2
 Ignite Poison            Fire/Tmut/Pois 0%         N/A       100%        3
 Kindle Blastsparks       Fire/Tloc/Air  0%         2d10      100%        3
 Petrify                  Tmut/Erth      0%         N/A       100%        4
 Freezing Cloud           Conj/Ice/Air   0%         6-21      100%        5
 Irradiate                Conj/Tmut      0%         3d11      100%        5
 Chain Lightning          Conj/Air       0%         N/A       100%        9
 Fire Storm               Conj/Fire      0%         5d1       100%        9
 Shatter                  Erth           0%         3d5*      100%        9


Dungeon Overview and Level Annotations

Branches:
Dungeon (13/15)            Temple (1/1) D:6            Lair (2/5) D:10
    Orc (0/2) D:12          Sewer (visited)         Gauntlet (1/1)
  Swamp: Lair:2-3    Shoals: Lair:2-3     Snake: Lair:2-3    Spider: Lair:2-3
 Vaults: D:13-14

Altars:
Dithmenos
Elyvilon
Fedhas
Kikubaaqudgha
Makhleb
Okawaru
Qazlal
Ru
Yredelemnul
Zin

Annotations:
Gauntlet 13 transporters, 4 runed translucent doors


Innate Abilities, Weirdness & Mutations

You cannot be hasted, slowed, berserked, paralysed or teleported.
You can dig through walls and to a lower floor.
You have a pair of large antennae on your head. (SInv)
Your four strong arms can wield two-handed weapons with a shield.


Message History

Unknown command.
You slash the large abomination! You freeze the large abomination.
The large abomination is almost destroyed.
The large abomination hits you!!
* * * LOW HITPOINT WARNING * * *
The small abomination barely misses you.
Unknown command.
You hit the large abomination but do no damage.
The large abomination is almost destroyed.
The small abomination hits you but does no damage.
The large abomination hits you.
* * * LOW HITPOINT WARNING * * *
Unknown command.
You puncture the large abomination! You freeze the large abomination.
You destroy the large abomination!
The small abomination hits you but does no damage.
Unknown command.
You hit the small abomination. You freeze the small abomination.
The small abomination is moderately damaged.
The small abomination hits you!
* * * LOW HITPOINT WARNING * * *
You are confused.
You feel invigorated. The small abomination hits you.
* * * LOW HITPOINT WARNING * * *
The small abomination hits you but does no damage.
You barely miss the small abomination.
The small abomination is moderately damaged.
The small abomination barely misses you.
The small abomination hits you!
* * * LOW HITPOINT WARNING * * *
Unknown command.
You puncture the small abomination! You freeze the small abomination!
The small abomination is almost destroyed.
The small abomination hits you!
* * * LOW HITPOINT WARNING * * *
You hit the small abomination. You freeze the small abomination.
The small abomination is lightly damaged.
The small abomination hits you!
You die...
Your body rises from the dead as a mindless zombie.

......................≈#
###################...##
.....Z#8©8###.x##.#...≈##
.....B#...#.x##.x##..∩≈≈#
#+#####...#!.#.##x#...≈##
.+...©#©.©#©#.©#.##©..##
#+.##.#####.#x#x#x#...≈##
.#.##.#...#.##xx#x#..∩≈≈#
.#....#.8.##..##@##...≈##
#######...#########...##
......................≈#
#≈≈≈#≈≈≈#≈≈≈#≈≈≈#≈≈≈#≈≈≈#
##≈###≈###≈###≈###≈###≈##
### ### ### ### ### ##


You could see 6 small abominations.

Vanquished Creatures
  2 hydras
  An ice dragon (D:13)
  A centaur warrior (D:13)
  3 two-headed ogres
  2 boulder beetles
  Sonja (D:10)
  Lodul (D:10)
  An orc sorcerer (D:12)
  A deep elf pyromancer (D:9)
  A manticore (D:13)
  A cyclops (D:11)
  A gargoyle (D:11)
  Maggie (D:6)
  A large abomination (Gauntlet)
  Psyche (D:11)
  A rime drake (D:10)
  2 komodo dragons (D:11)
  2 tyrant leeches (D:10)
  4 slime creatures (D:12)
  2 blink frogs (Lair:1)
  Sigmund (D:4)
  4 shadows
  2 wyverns
  3 vampires
  4 wraiths
  10 yaks
  2 steam dragons
  6 vampire mosquitoes
  The ghost of b0ghi87 the Magician, an amateur DjCj (D:3)
  Menkaure (D:5)
  An acid dragon (D:9)
  A water moccasin (D:5)
  2 black bears
  7 orc warriors
  A sky beast (D:7)
  2 ice beasts
  7 centaurs
  5 ogres (D:10)
  9 wolves
  3 phantoms
  5 kobold brigands
  6 bullfrogs
  A necrophage (D:8)
  4 gnoll sergeants
  2 scorpions
  5 wights
  8 killer bees
  3 howler monkeys
  4 jellies
  7 orc priests
  4 hounds
  A gnoll bouda (D:5)
  5 iguanas
  Ijyb (D:3)
  Natasha (thrice) (D:2)
  10 orc wizards
  4 ogre zombies (D:12)
  A hound zombie (D:3)
  11 adders
  20 gnolls
  12 river rats
  2 shadow imps
  A white imp (D:7)
  3 ufetubi
  An adder skeleton (D:3)
  2 worms
  5 dart slugs
  32 orcs
  13 ball pythons
  8 endoplasms
  A giant cockroach (D:3)
  3 goblins
  9 hobgoblins
  6 jackals
  11 quokkas
  6 bats
  4 frilled lizards
  A goblin skeleton (D:12)
  2 goblin zombies (D:12)
  A hobgoblin skeleton (D:12)
  6 hobgoblin zombies (D:12)
  11 kobolds
  2 orc skeletons (D:12)
  5 orc zombies (D:12)
  24 rats
378 creatures vanquished.

Vanquished Creatures (collateral kills)
  Harold (Lair:1)
  A two-headed ogre (D:13)
  A deep elf pyromancer (D:11)
  A cyclops (D:12)
  A cane toad (Lair:2)
  A kobold demonologist (D:13)
  2 unseen horrors (D:12)
  An efreet (D:9)
  A troll (D:9)
  A tyrant leech (D:10)
  2 slime creatures (D:12)
  A blink frog (Lair:1)
  A shadow (D:11)
  A wraith (D:9)
  Grum (Lair:1)
  7 yaks (D:11)
  A vampire mosquito (D:12)
  A water moccasin (Lair:1)
  3 orc warriors (D:9)
  An ice beast (D:10)
  An ogre (D:10)
  4 wolves
  A centaur (D:9)
  A phantom (D:6)
  2 bullfrogs
  A scorpion (D:6)
  2 killer bees (D:9)
  A howler monkey (D:9)
  An orc priest (D:9)
  2 ogre zombies (D:12)
  2 gnolls
  5 orcs
  A quokka (D:6)
  A goblin zombie (D:12)
  4 kobolds
  An orc zombie (D:12)
  7 rats (D:6)
  A rat zombie (D:6)
68 creatures vanquished.

Vanquished Creatures (others)
  A spectral dwarf (D:13)
  An unseen horror zombie (D:12)
  A hydra zombie (D:9)
  An ice dragon zombie (D:13)
  A tyrant leech zombie (D:10)
  2 two-headed ogre zombies
  2 vampire mosquito zombies
  2 wyvern zombies
  A yak zombie (D:9)
  5 wolf zombies (Lair:1)
  7 centaur zombies
  3 killer bee zombies (D:11)
  An acid dragon zombie (D:9)
  An ogre zombie (D:10)
  A human zombie (D:6)
  An ice beast zombie (D:6)
  2 hound zombies
  2 howler monkey zombies
  A steam dragon zombie (D:8)
  A jelly zombie (D:7)
  A spectral shadow imp (D:7)
  5 river rat zombies (D:6)
  9 gnoll zombies
  6 kobold zombies
  15 orc zombies
  3 quokka zombies (D:6)
  8 rat zombies (D:6)
  10 fungi
  16 plants
  2 withered plants (D:3)
112 creatures vanquished.

Grand Total: 558 creatures vanquished

Notes
Turn   | Place    | Note
-------+----------+-------------------------------------------
     0 | D:1      | Bnni the Formicid Fighter began the quest for the Orb.
     0 | D:1      | Reached XP level 1. HP: 18/18 MP: 1/1
   204 | D:1      | Reached XP level 2. HP: 22/24 MP: 2/2
   621 | D:1      | Reached XP level 3. HP: 29/29 MP: 3/3
   870 | D:2      | Noticed Natasha
   882 | D:2      | Killed Natasha
   883 | D:2      | Reached skill level 3 in Polearms
   883 | D:2      | Reached skill level 5 in Shields
   883 | D:2      | Reached XP level 4. HP: 19/37 MP: 4/4
  1082 | D:2      | Noticed Natasha
  1088 | D:2      | Killed Natasha
  1201 | D:2      | Reached XP level 5. HP: 42/42 MP: 5/5
  1210 | D:2      | Noticed Natasha
  1220 | D:2      | Killed Natasha
  1545 | D:2      | Reached skill level 4 in Polearms
  1593 | D:2      | Found a faded altar of an unknown god.
  2161 | D:3      | Reached XP level 6. HP: 48/49 MP: 6/6
  2200 | D:3      | Found a runed translucent gate.
  2201 | D:3      | Found a runed translucent gate.
  2202 | D:3      | Found a runed translucent gate.
  2203 | D:3      | Noticed b0ghi87's ghost (amateur DjCj)
  2300 | D:3      | Noticed Ijyb
  2308 | D:3      | Killed Ijyb
  2634 | D:3      | Killed b0ghi87's ghost
  2635 | D:3      | Reached skill level 5 in Fighting
  2635 | D:3      | Reached skill level 5 in Polearms
  2635 | D:3      | Reached XP level 7. HP: 35/56 MP: 7/7
  2838 | D:4      | Found a glowing drain.
  2866 | Sewer    | Entered a sewer
  3504 | D:4      | Found a white marble altar of Elyvilon.
  3550 | D:4      | Noticed Sigmund
  3564 | D:4      | Killed Sigmund
  3565 | D:4      | Reached skill level 6 in Polearms
  4142 | D:4      | Reached XP level 8. HP: 39/52 MP: 8/8
  4277 | D:5      | Entered Level 5 of the Dungeon
  4321 | D:5      | Reached skill level 7 in Polearms
  4390 | D:5      | Found a glowing silver altar of Zin.
  4421 | D:5      | Found a transporter.
  4423 | D:5      | Found a transporter.
  4423 | D:5      | Noticed a vampire
  4427 | D:5      | Noticed Menkaure
  4637 | D:5      | Found a basalt altar of Yredelemnul.
  4638 | D:5      | Noticed a wraith
  4648 | D:5      | Found an ancient bone altar of Kikubaaqudgha.
  4694 | D:5      | Found a stormy altar of Qazlal.
  4874 | D:5      | Reached skill level 8 in Polearms
  5287 | D:5      | Killed a vampire
  5288 | D:5      | Reached XP level 9. HP: 31/72 MP: 9/9
  5291 | D:5      | Killed Menkaure
  5292 | D:5      | Reached skill level 9 in Polearms
  5515 | D:5      | Became a worshipper of Yredelemnul the Dark
  5713 | D:6      | Reached skill level 1 in Invocations
  5769 | D:6      | Found a staircase to the Ecumenical Temple.
  5788 | D:6      | Reached * piety under Yredelemnul
  5836 | D:6      | Reached ** piety under Yredelemnul
  5850 | D:6      | Reached *** piety under Yredelemnul
  6004 | D:6      | Reached skill level 10 in Polearms
  6085 | D:6      | Reached **** piety under Yredelemnul
  6159 | D:6      | Found an iron altar of Okawaru.
  6262 | D:6      | Noticed Maggie
  6284 | D:6      | Killed Maggie
  6285 | D:6      | Reached XP level 10. HP: 58/82 MP: 12/12
  6289 | D:6      | Your ally Maggie died
  6534 | D:6      | Found a blossoming altar of Fedhas.
  6618 | Temple   | Entered the Ecumenical Temple
  6860 | D:7      | Reached skill level 11 in Polearms
  7427 | D:8      | Found a shadowy altar of Dithmenos.
  7668 | D:8      | Reached skill level 5 in Invocations
  7810 | D:8      | Noticed a two-headed ogre
  7817 | D:8      | Killed a two-headed ogre
  8098 | D:8      | Noticed a boulder beetle
  8114 | D:8      | Killed a boulder beetle
  8115 | D:8      | Reached skill level 12 in Polearms
  8115 | D:8      | Reached XP level 11. HP: 28/90 MP: 15/15
  8976 | D:9      | Noticed a two-headed ogre
  8986 | D:9      | Killed a two-headed ogre
  8987 | D:9      | Reached skill level 10 in Fighting
  9351 | D:9      | Reached ***** piety under Yredelemnul
  9364 | D:9      | Noticed a six-headed hydra
  9372 | D:9      | Killed an 11-headed hydra
  9373 | D:9      | Reached skill level 13 in Polearms
  9394 | D:9      | Noticed a deep elf pyromancer
  9417 | D:9      | Killed a deep elf pyromancer
 10065 | D:9      | Found the +3 giant club "Skullcrusher" {speed, Str+7}
 10253 | D:10     | Entered Level 10 of the Dungeon
 10477 | D:10     | Reached XP level 12. HP: 97/100 MP: 18/18
 10487 | D:10     | Noticed Sonja
 10499 | D:10     | Killed Sonja
 10736 | D:10     | Reached skill level 14 in Polearms
 11071 | D:10     | Noticed Lodul
 11090 | D:10     | Killed Lodul
 11570 | D:10     | Found the +8 Vampire's Tooth {vamp}
 11644 | D:10     | Found a staircase to the Lair.
 11749 | D:11     | Noticed Psyche
 11761 | D:11     | Killed Psyche
 12136 | D:11     | Reached skill level 10 in Invocations
 12144 | D:11     | Reached skill level 15 in Polearms
 12170 | D:11     | Reached ****** piety under Yredelemnul
 12177 | D:11     | Reached XP level 13. HP: 84/108 MP: 20/20
 12638 | D:12     | Found a staircase to the Orcish Mines.
 13260 | D:12     | Noticed Jorgrun
 13279 | D:12     | Killed Jorgrun
 13279 | D:12     | Enslaved Jorgrun
 14196 | D:13     | Noticed an ice dragon
 14205 | D:13     | Reached skill level 16 in Polearms
 14216 | D:13     | Your ally Jorgrun died
 14222 | D:13     | Noticed a centaur warrior
 14233 | D:13     | Killed an ice dragon
 14239 | D:13     | Killed a centaur warrior
 14239 | D:13     | Noticed a six-headed hydra
 14589 | Lair:1   | Entered Level 1 of the Lair of Beasts
 14599 | Lair:1   | Noticed Grum
 14615 | Lair:1   | Killed Grum
 14701 | Lair:1   | Your ally Grum died
 15073 | Lair:1   | Noticed Harold
 15084 | Lair:1   | Killed Harold
 15213 | Lair:2   | Found a gate leading to a gauntlet.
 15216 | Lair:2   | Noticed a six-headed hydra
 15234 | Lair:2   | Killed a six-headed hydra
 15427 | Gauntlet | Entered a Gauntlet
 15427 | Gauntlet | Found a transporter.
 15451 | Gauntlet | Found a transporter.
 15455 | Gauntlet | Found a transporter.
 15461 | Gauntlet | Found a runed translucent gate.
 15463 | Gauntlet | Found a transporter.
 15464 | Gauntlet | Found a runed translucent gate.
 15465 | Gauntlet | Found a runed translucent gate.
 15467 | Gauntlet | Found a transporter.
 15474 | Gauntlet | Found a runed translucent door.
 15477 | Gauntlet | Found a transporter.
 15479 | Gauntlet | Found a transporter.
 15487 | Gauntlet | Found a transporter.
 15491 | Gauntlet | Found a transporter.
 15494 | Gauntlet | Noticed a dire elephant
 15502 | Gauntlet | Found a transporter.
 15522 | Gauntlet | Found a transporter.
 15534 | Gauntlet | Found a transporter.
 15547 | Gauntlet | Found a transporter.
 15559 | Gauntlet | Found a transporter.
 15597 | Gauntlet | Slain by a small abomination

Illustrated notes

Levels and vault maps discovered:
D:1:      lightli_arrival_quake, layout_loops_ring, minivault_11
D:2:      layout_loops_corners, hellmonk_ecumenical_altar_arch_garden,
          hangedman_decor_slide_cut, due_unseen_surprise, uniq_natasha
D:3:      layout_basic, gammafunk_ghost_split, serial_undead, serial_undead_b,
          serial_undead_d, serial_undead_d, serial_undead_c,
          hangedman_abyss_or_decor_lesser_grid, uniq_ijyb
D:4:      black_bear_nest_1, layout_loops_ring, lemuel_crystal_altar,
          portal_sewer_entry_a, uniq_sigmund
D:5:      layout_basic, mainiacjoe_overflow_tiny_flanked, grunt_qazlal_clouds,
          gammafunk_temple_of_torment
D:6:      lemuel_ratsnest, layout_rooms, kennysheep_little_box,
          mainiacjoe_overflow_24_doors, minmay_temple_entry_gardened_gates,
          palyth_stone_intersect, minmay_misc_feat_four_crosses, uniq_maggie
D:7:      layout_basic, serial_bayou_pond_a
D:8:      layout_basic, mainiacjoe_overflow_brackets
D:9:      cheibrodos_ideogram_h, layout_stronghold
D:10:     layout_loops_ring, hellmonk_lair_entry_icy,
          minmay_guarded_unrand_vampires_tooth, uniq_lodul, uniq_sonja
D:11:     layout_cave_pools, uniq_psyche
D:12:     layout_roguey, zombieorc1_lemuel, uniq_jorgrun
D:13:     minmay_the_grid_square_5x5_5x5 [minmay_the_grid_square_5x5_moneybag,
          minmay_the_grid_square_5x5_almost_minimal,
          minmay_the_grid_square_5x5_inset,
          minmay_the_grid_square_5x5_minivault,
          minmay_the_grid_square_5x5_checkered,
          minmay_the_grid_square_5x5_fat_x,
          minmay_the_grid_square_5x5_prize_rear_guard,
          minmay_the_grid_square_5x5_broken_cross,
          minmay_the_grid_square_5x5_prize_pseudospiral,
          minmay_the_grid_square_5x5_misaligned,
          minmay_the_grid_square_5x5_detours, minmay_the_grid_square_5x5_bite,
          minmay_the_grid_square_5x5_prize_gold,
          minmay_the_grid_square_5x5_corner,
          minmay_the_grid_square_5x5_checkered_statues,
          minmay_the_grid_square_5x5_plus,
          minmay_the_grid_square_5x5_prize_open, minmay_the_grid_square_5x5_six,
          minmay_the_grid_square_5x5_prize_itemx,
          minmay_the_grid_square_5x5_meh, minmay_the_grid_square_5x5_inner_v,
          minmay_the_grid_square_5x5_bridge, minmay_the_grid_square_5x5_shrine2,
          minmay_the_grid_square_5x5_beaten_path,
          minmay_the_grid_square_5x5_dogpile], layout_loops_cross,
          grunt_vaults_entry_tiered, uniq_urug, uniq_erolcha, uniq_nessos
Temple:   nicolae_temple_great_sept
Lair:1:   layout_roguey, lemuel_fruit_tree, uniq_harold, uniq_grum
Lair:2:   layout_loops_ring, gauntlet_entry_generic, lemuel_fruit_fields
Gauntlet: gammafunk_gauntlet_77_escape_option [minmay_gauntlet_arena_77_mess,
          minmay_gauntlet_arena_77_run_for_it, minmay_gauntlet_arena_77_path,
          minmay_gauntlet_arena_77_radiant_squares,
          minmay_gauntlet_arena_77_chump_sandwich, gauntlet_exit_green]

Skill      XL: |  1  2  3  4  5  6  7  8  9 10 11 12 13 |
---------------+----------------------------------------+-----
Polearms       | 3 4 5 6 8 10 12 13 15 16 | 16.5
Shields        | 5 |  5.0
Fighting       | 4 5 6 7 8 9 11 12 13 | 13.3
Invocations    | 3 6 8 10 11 | 11.8
Armour         | |  3.2

Action                   |  1- 3 |  4- 6 |  7- 9 | 10-12 | 13-15 || total
-------------------------+-------+-------+-------+-------+-------++-------
Melee: Trident           |    78 |    86 |       |       |    13 ||   177
       Halberd           |       |    48 |   371 |   528 |   261 ||  1208
Throw: Dart              |       |     2 |       |    15 |     3 ||    20
       Throwing net      |       |       |       |       |     2 ||     2
Invok: Recall Undead Har |       |       |     4 |     7 |     2 ||    13
       Dark Bargain      |       |       |       |     3 |     2 ||     5
       Bind Soul         |       |       |       |       |     1 ||     1
 Abil: Dig               |       |     1 |     4 |     1 |       ||     6
Evoke: Wand              |       |       |     1 |       |     3 ||     4
  Use: Scroll            |       |     2 |     7 |     4 |     1 ||    14
       Potion            |       |       |     9 |     1 |     9 ||    19
 Stab: Distracted        |       |       |     1 |     9 |     3 ||    13
       Invisible         |       |       |       |       |     2 ||     2
       Fleeing           |       |       |       |       |     1 ||     1
Armor: Scale mail        |    27 |    45 |    44 |       |       ||   116
       Chain mail        |       |       |   183 |   153 |    91 ||   427
Dodge: Dodged            |    33 |    37 |   128 |   106 |    61 ||   365
Block: Buckler           |    18 |    18 |    78 |    70 |    43 ||   227

Table legend: (Time is in decaauts)
 A = Elapsed time spent in this place.
 B = Non-inter-level travel time spent in this place.
 C = Inter-level travel time spent in this place.
 D = Time resting spent in this place.
 E = Time spent auto-exploring this place.
 F = Levels seen in this place.
 G = Mean time per level.
                   A        B        C        D        E       F      G
               +--------+--------+--------+--------+--------+-----+--------+
         Total |  15605 |  15106 |    499 |   2185 |   9866 |  18 |  866.9 |
       Dungeon |  14001 |  13512 |    489 |   2013 |   8913 |  13 | 1077.0 |
        Temple |      4 |      4 |      0 |      0 |      0 |   1 |    4.0 |
          Lair |    810 |    801 |      9 |    172 |    486 |   2 |  405.0 |
         Sewer |    622 |    622 |      0 |      0 |    343 |   1 |  622.0 |
      Gauntlet |    166 |    166 |      0 |      0 |    124 |   1 |  166.0 |
               +--------+--------+--------+--------+--------+-----+--------+

Top non-repeatable levels by time:
    D:12: 1958 daAuts
    D:10: 1484 daAuts
     D:5: 1417 daAuts
     D:9: 1386 daAuts
     D:8: 1318 daAuts
     D:2: 1202 daAuts
     D:4: 972 daAuts
     D:6: 966 daAuts
     D:7: 887 daAuts
     D:3: 812 daAuts
     D:1: 794 daAuts
    D:11: 727 daAuts
   Sewer: 622 daAuts
  Lair:1: 605 daAuts
  Lair:2: 204 daAuts
